 Dungeon Crawl Stone Soup version 0.30-a0-1082-g70414cbcbb (webtiles) character file.

Game seed: 17930214098925025570

259 holysushi the Conjurer (level 6, -3/37 HPs)
             Began as an Octopode Conjurer on Apr 16, 2023.
             Slain by Edmund
             ... wielding a +2 dire flail of protection
              (12 damage)
             ... on level 4 of the Dungeon.
             The game lasted 00:06:03 (4252 turns).

holysushi the Conjurer (Octopode Conjurer)          Turns: 4252, Time: 00:06:04

Health: -3/37      AC:  1    Str:  6    XL:     6   Next: 17%
Magic:  2/11       EV: 13    Int: 21    God:
Gold:   216        SH:  0    Dex: 12    Spells: 1/11 levels left

rFire   . . .      SeeInvis .    j - +2 dagger (speed)
rCold   . . .      Faith    .    (no shield)
rNeg    . . .      Spirit   .    (helmet restricted)
rPois   .          Reflect  .    (no amulet)
rElec   .          Rampage  .    (no ring)
rCorr   .                        (no ring)
Will    .....                    (no ring)
Stlth   +++                      (no ring)
HPRegen 0.26/turn                (no ring)
MPRegen 0.12/turn                (no ring)
                                 (no ring)
                                 (no ring)

@: no status effects
A: almost no armour, amphibious, 8 rings, camouflage 1, gelatinous body 1,
(nimble swimmer 1), tentacles
a: no special abilities


You were on level 4 of the Dungeon.
You visited 1 branch of the dungeon, and saw 4 of its levels.

You collected 216 gold pieces.

Inventory:

Hand Weapons
 j - a +2 dagger of speed (weapon)
Armour
 o - an orb of guile
Jewellery
 i - a ring of see invisible
Scrolls
 d - 3 scrolls of enchant weapon {unknown}
 e - 4 scrolls of noise {unknown}
 f - 2 scrolls of summoning {unknown}
 g - 2 scrolls of magic mapping {unknown}
 h - a scroll of brand weapon {unknown}
 l - a scroll of torment {unknown}
 m - a scroll of teleportation {unknown}
 p - a scroll of vulnerability {unknown}
Potions
 a - a potion of magic
 b - a potion of curing
 c - a potion of attraction {unknown}
 k - a potion of mutation {unknown}
 n - a potion of resistance {unknown}
 q - a potion of might {unknown}


   Skills:
 + Level 0.9 Fighting
 + Level 2.3 Dodging
 + Level 3.2 Stealth
 - Level 3.4 Spellcasting
 + Level 6.1 Conjurations


You had one spell level left.
You knew the following spells:

 Your Spells              Type           Power      Damage    Failure   Level
a - Magic Dart            Conj           100%       1d8       1%          1
b - Searing Ray           Conj           58%        2d6       1%          2
c - Dazzling Flash        Conj/Hex       32%        N/A       11%         3
d - Fulminant Prism       Conj/Hex       8%         3d7       36%         4

Your spell library contained the following spells:

 Spells                   Type           Power      Damage    Failure   Level
 Scorch                   Fire           6%         2d5       19%         2
 Flame Wave               Conj/Fire      16%        2d7       36%         4
 Iskenderun's Mystic Bla  Conj/Tloc      16%        2d5       36%         4
 Summon Cactus Giant      Summ           1%         N/A       100%        6


Dungeon Overview and Level Annotations

Branches:
Dungeon (4/15) Zot: 19754
 Temple: D:4-7

Altars:

Annotations:
D:4 Edmund


Innate Abilities, Weirdness & Mutations

You cannot wear most types of armour.
You are amphibious.
You can wear up to eight rings at the same time.
Your skin changes colour to match your surroundings (Stealth+).
Your rubbery body absorbs attacks. (AC +1, EV +1)
((You are camouflaged when in or above water. (Stealth+)))
You have tentacles for arms and can constrict up to eight enemies at once.


Message History

Press: ? - help, Shift-Dir - straight line, f - Edmund
Aim: Edmund, wielding a +2 dire flail of protection, wearing a +0 ring mail and carrying a wand of flame (21) (asleep, 100% to hit)
The searing ray hits Edmund but does no damage.
Edmund shouts! (Press . to maintain the ray.) Edmund zaps a wand.
The puff of flame hits you.
The searing ray hits Edmund but does no damage.
The searing ray hits Edmund!
Edmund is lightly wounded.
The searing ray misses Edmund.
You finish channelling your searing ray.
You hit Edmund but do no damage. You grab Edmund.
Edmund is lightly wounded.
You constrict Edmund, but do no damage.
Casting: Searing Ray (safe; 1% risk of failure)
Confirm with . or Enter, or press ? or * to list all spells.
Aiming: Searing Ray (safe; 1% risk of failure)
Press: ? - help, Shift-Dir - straight line, f/p - Edmund
Aim: Edmund, wielding a +2 dire flail of protection, wearing a +0 ring mail and carrying a wand of flame (20) (lightly wounded, constricted by you, 100% to hit)
The searing ray hits Edmund!
Edmund is heavily wounded. (Press . to maintain the ray.)
You constrict Edmund.
Edmund hits you with a +2 dire flail of protection!
The searing ray hits Edmund!
Edmund is severely wounded.
You constrict Edmund, but do no damage. Edmund barely misses you.
The searing ray hits Edmund.
Edmund is severely wounded.
You constrict Edmund, but do no damage.
Edmund drinks a potion.
Edmund is healed!
The searing ray hits Edmund but does no damage.
Edmund is heavily wounded.
You finish channelling your searing ray.
You constrict Edmund, but do no damage.
Edmund zaps a wand.
The puff of flame hits you!
* * * LOW HITPOINT WARNING * * *
You release your grip on Edmund.
Edmund attacks as you move away!
Edmund hits you with a +2 dire flail of protection!
You die...

###
##############.#
#.@.......)....#
#@############.#
#.#............#
#.###.##########
#.#...# #.#.#.#
#.#.#.# #.#.#.#
#.#.#


You could see Edmund.

Vanquished Creatures
  A howler monkey (D:4)
  An iguana (D:3)
  Robin (D:2)
  4 gnolls
  6 adders
  A worm (D:3)
  2 dart slugs
  6 orcs
  6 ball pythons
  3 bats (D:1)
  4 endoplasms
  4 giant cockroaches
  19 goblins
  10 hobgoblins
  2 jackals (D:1)
  2 quokkas
  A frilled lizard (D:2)
  4 kobolds
  4 rats
81 creatures vanquished.

Vanquished Creatures (others)
  9 plants (D:3)
9 creatures vanquished.

Grand Total: 90 creatures vanquished

Notes
Turn   | Place    | Note
-------+----------+-------------------------------------------
     0 | D:1      | holysushi the Octopode Conjurer began the quest for the
                  | Orb.
     0 | D:1      | Reached XP level 1. HP: 11/11 MP: 3/3
   367 | D:1      | Reached XP level 2. HP: 17/17 MP: 2/5
   925 | D:1      | Learned a level 2 spell: Searing Ray
  1160 | D:1      | Reached XP level 3. HP: 21/21 MP: 1/7
  1551 | D:2      | HP: 1/21 [goblin/sling bullet (5)]
  2008 | D:2      | Reached XP level 4. HP: 18/27 MP: 0/9
  2150 | D:2      | Noticed Robin
  2160 | D:2      | Killed Robin
  2162 | D:2      | Reached skill level 5 in Conjurations
  2917 | D:3      | Reached XP level 5. HP: 25/31 MP: 1/10
  3234 | D:3      | Learned a level 3 spell: Dazzling Flash
  3239 | D:3      | Learned a level 4 spell: Fulminant Prism
  3269 | D:3      | Reached skill level 6 in Conjurations
  3353 | D:3      | You fall into a shaft and drop 1 floor!
  3379 | D:4      | Reached XP level 6. HP: 37/37 MP: 6/11
  3855 | D:3      | Found a faded altar of an unknown god.
  4140 | D:4      | Noticed Edmund
  4252 | D:4      | Slain by Edmund

Illustrated notes

Levels and vault maps discovered:
D:1:      sevenhm_arrival_forest_fort_large_4, layout_loops_corners,
          st_stairs_6, nicolae_concentric_dashed_squares_wild
D:2:      layout_loops_ring, serial_aquarium, aquarium_bridge_long_joined
          [aquarium_subvault_wall, aquarium_subvault_wall,
          aquarium_subvault_wall, aquarium_subvault_wall,
          aquarium_subvault_wall, aquarium_subvault_bridge],
          aquarium_bridge_square [aquarium_subvault_window,
          aquarium_subvault_bridge, aquarium_subvault_wall,
          aquarium_subvault_wall], aquarium_window_2, aquarium_window_corner,
          aquarium_view_2a, aquarium_view_2d, minmay_tripent, uniq_robin
D:3:      minmay_spotlight, layout_rooms,
          dreamdust_ecumenical_altar_angels_and_demons, nicolae_grassy_gnolls
D:4:      layout_basic, mainiacjoe_overflow_alcove_1, serial_curves,
          eino_curves_02, eino_curves_04, uniq_blork_the_orc, uniq_edmund,
          uniq_menkaure

Skill      XL: |  1  2  3  4  5 |
---------------+----------------+-----
Spellcasting   | 3 |  3.4
Conjurations   | 5 6 |  6.1
Stealth        | 3 |  3.2
Fighting       | |  0.9
Dodging        | |  2.3

Action                     |  1- 3 |  4- 6 || total
---------------------------+-------+-------++-------
  Melee: Unarmed           |     9 |       ||     9
         Constrict         |     4 |     5 ||     9
         Dagger            |     5 |    11 ||    16
         Tentacles         |     3 |     3 ||     6
         Punch             |     1 |       ||     1
   Cast: Magic Dart        |    63 |    43 ||   106
         Searing Ray       |     5 |    17 ||    22
 Armour: Skin              |       |     3 ||     3
  Dodge: Dodged            |     5 |    17 ||    22

Table legend: (Time is in decaauts)
 A = Elapsed time spent in this place.
 B = Non-inter-level travel time spent in this place.
 C = Inter-level travel time spent in this place.
 D = Time resting spent in this place.
 E = Time spent auto-exploring this place.
 F = Levels seen in this place.
 G = Mean time per level.
                   A        B        C        D        E       F      G
               +--------+--------+--------+--------+--------+-----+--------+
         Total |   4245 |   4091 |    154 |   1245 |   2249 |   4 | 1061.2 |
       Dungeon |   4245 |   4091 |    154 |   1245 |   2249 |   4 | 1061.2 |
               +--------+--------+--------+--------+--------+-----+--------+

Top non-repeatable levels by time:
     D:1: 1601 daAuts
     D:2: 1407 daAuts
     D:3: 982 daAuts
     D:4: 254 daAuts
